 Dungeon Crawl Stone Soup version 0.28.0 (webtiles) character file.

Game seed: 3424811066582745285

216 Findor the Slasher (level 5, 0/41 HPs)
             Began as a Barachi Fighter on Feb 12, 2022.
             Killed by nerve-wracking pain
             ... invoked by an orc priest
              (10 damage)
             ... on level 4 of the Dungeon.
             The game lasted 00:03:43 (3208 turns).

Findor the Slasher (Barachi Fighter)                Turns: 3208, Time: 00:03:43

Health: 0/41       AC:  9    Str: 18 (20) XL:     5   Next: 93%
Magic:  5/5        EV:  9    Int:  8      God:
Gold:   127        SH:  4    Dex: 11      Spells: 4/4 levels left

rFire   . . .      SeeInvis .   a - +0 long sword
rCold   . . .      Faith    .   c - +0 buckler
rNeg    . . .      Spirit   .   i - +3 scale mail
rPois   +          Reflect  .   (no helmet)
rElec   .          Harm     .   (no cloak)
rCorr   .          Rampage  .   (no gloves)
Will    .....                   (no boots)
Stlth   ..........              (no amulet)
HPRegen 0.13/turn               n - ring of poison resistance
MPRegen 0.09/turn               (no ring)

@: hasted, quick
A: amphibious, slowness 1, strong legs 1, +LOS
a: Hop


You were on level 4 of the Dungeon.
You visited 1 branch of the dungeon, and saw 4 of its levels.

You collected 127 gold pieces.


Innate Abilities, Weirdness & Mutations

You are amphibious.
You cover ground slowly.
You can hop short distances.
You have an extended range of vision and can be seen from far away.


   Skills:
 - Level 3.6 Fighting
 * Level 7.2 Long Blades
 - Level 3.6 Armour
 - Level 3.2 Shields


You had 4 spell levels left.
You didn't know any spells.
Your spell library contained the following spells:

 Spells                   Type           Power      Damage    Failure   Level
 Portal Projectile        Hex/Tloc       0%         N/A       99%         3
 Blade Hands              Tmut           0%         N/A       100%        5
 Excruciating Wounds      Necr           0%         N/A       100%        5

Inventory:

Hand Weapons
 a - a +0 long sword (weapon)
Missiles
 f - 6 poisoned darts (quivered)
Armour
 c - a +0 buckler (worn)
 i - a +3 scale mail (worn)
   (You found it on level 1 of the Dungeon)
Jewellery
 n - a ring of poison resistance (left hand)
   (You found it on level 3 of the Dungeon)
Scrolls
 e - 2 scrolls of enchant armour {unknown}
 g - 4 scrolls of torment {unknown}
 m - a scroll of brand weapon {unknown}
 p - 2 scrolls of identify {unknown}
 q - a scroll of fear {unknown}
 s - a scroll of vulnerability {unknown}
Potions
 b - a potion of heal wounds {unknown}
 d - a potion of might
 h - a potion of haste {@q3}
 j - a potion of mutation {unknown}
 k - a potion of degeneration {!q}
 l - a potion of lignification {unknown}
 o - a potion of curing {unknown}
 r - a potion of flight {unknown}


Message History

No reachable target in view!
No reachable target in view!
p - 2 scrolls labelled XAAROY ZACESHENI (gained 1)
An orc and an orc priest come into view.
The orc shouts!
The orc priest shouts!
An orc comes into view. It is wielding a +0 club.
The orc priest moves out of view.
There are monsters nearby!
There are monsters nearby!
The orc shouts!
The shadow imp shouts, "Bolt, thou qualling milk-livered nightsoil!"
You start waiting.
The shadow imp shouts, "Beg for mercy, thou currish toad-spotted flirt-gill!"
An orc priest is nearby! 2 orcs come into view.
The orc shouts!
The orc priest hits you with a +0 mace. The orc closely misses you.
You block the orc's attack.
You hit the orc. You hit the orc but do no damage. The orc barely misses you.
The orc hits you but does no damage.
You closely miss the orc. You block the orc's attack.
The orc barely misses you.
You hit the orc but do no damage. You slash the orc!
You kill the orc!
You barely miss the orc priest.
The orc priest calls down the wrath of Beogh upon you.
Beogh smites you! You block the orc's attack.
You closely miss the orc priest. The orc priest closely misses you.
The orc hits you with a +0 war axe.
You barely miss the orc priest.
The orc priest hits you but does no damage.
The shadow imp picks up a beetle and eats it.
The orc hits you with a +0 war axe. The orc priest hits you with a +0 mace.
You closely miss the orc priest. The orc closely misses you.
The orc hits you with a +0 war axe. The orc priest hits you with a +0 mace.
* * * LOW HITPOINT WARNING * * *
Unknown command.
You hit the orc priest but do no damage.
The orc misses you. You block the orc's attack.
The shadow imp grins evilly.
The orc priest hits you with a +0 mace!
* * * LOW HITPOINT WARNING * * *
Unknown command.
It was a potion of haste.
You feel yourself speed up. The orc hits you but does no damage. x2
The orc priest mumbles some strange prayers to Beogh against you.
Pain shoots through your body!
You die...

....o.##....# ###.
............###.....≈#
#.#..................≈≈
#......................
#.......?.o............
.....o................
#.?..................
#...(......###.......
..#.....#....#@........
.............ooo.$..#..
....#.#......©........
.........)#########....
...######.#8P$©$P8#....
. #.#P..?..≈#....
#.####+####.... ......
#.#5≈...≈o#.#..
........
#.#K≈...≈5#....


You could see a kobold demonologist, 2 orc priests, 2 shadow imps and 2 orcs.

Vanquished Creatures
  A scorpion (D:3)
  7 adders
  5 dart slugs
  3 orcs
  9 ball pythons
  7 bats
  10 endoplasms
  6 goblins
  7 hobgoblins
  4 jackals (D:2)
  4 quokkas
  4 frilled lizards
  8 kobolds
  A rat (D:3)
76 creatures vanquished.

Notes
Turn   | Place    | Note
-------+----------+-------------------------------------------
     0 | D:1      | Findor the Barachi Fighter began the quest for the Orb.
     0 | D:1      | Reached XP level 1. HP: 18/18 MP: 1/1
    80 | D:1      | Reached skill level 3 in Long Blades
    88 | D:1      | Reached XP level 2. HP: 9/24 MP: 2/2
   271 | D:1      | Found a faded altar of an unknown god.
   433 | D:1      | Reached skill level 4 in Long Blades
   441 | D:1      | Reached XP level 3. HP: 23/29 MP: 3/3
  1033 | D:2      | Reached skill level 5 in Long Blades
  1127 | D:2      | Reached XP level 4. HP: 36/36 MP: 4/4
  1326 | D:2      | Noticed Sigmund
  1641 | D:3      | Noticed a scorpion
  1649 | D:3      | Killed a scorpion
  1650 | D:3      | Reached skill level 6 in Long Blades
  1650 | D:3      | Reached XP level 5. HP: 36/41 MP: 5/5
  2445 | D:3      | Reached skill level 7 in Long Blades
  3141 | D:4      | Found a transporter.
  3141 | D:4      | Noticed a kobold demonologist
  3146 | D:4      | Found a transporter.
  3208 | D:4      | Killed from afar by an orc priest

Levels and vault maps discovered:
D:1:      lemuel_arrival_tunnels, layout_rooms, shapermc_ecumenical_altar_venn,
          minmay_indecisive_spiral
D:2:      layout_basic, uniq_sigmund
D:3:      layout_basic
D:4:      gammafunk_wand_slinger, layout_basic, minmay_temple_entry_sparse_star,
          lightli_minifort

Action                   |  1- 3 |  4- 6 || total
-------------------------+-------+-------++-------
Melee: Long sword        |    94 |   147 ||   241
Throw: Dart              |       |     5 ||     5
  Use: Potion            |       |     3 ||     3
Armor: Scale mail        |    62 |    63 ||   125
Dodge: Dodged            |    57 |    51 ||   108
Block: Buckler           |    26 |    41 ||    67
